 Dungeon Crawl Stone Soup version 0.21-a0-283-g622b906 (webtiles) character file.

519 nono the Covered (level 7, -4/85 HPs)
             Began as a Gnoll Skald on Sept 24, 2017.
             Was an Initiate of Qazlal.
             Slain by Prince Ribbit (9 damage)
             ... on level 5 of the Dungeon.
             The game lasted 00:14:01 (2951 turns).

nono the Covered (Gnoll Skald)                      Turns: 2951, Time: 00:14:01

Health: -4/85      AC: 23    Str:  7    XL:     7   Next: 21%
Magic:  11/11      EV:  2    Int:  7    God:    Qazlal [......]
Gold:   139        SH:  0    Dex:  7    Spells: 11/12 levels left

rFire    . . .     SeeInvis .   (no weapon)
rCold    . . .     Gourm    .   (no shield)
rNeg     + + +     Faith    .   (armour currently unavailable)
rPois    +         Spirit   .   (helmet currently unavailable)
rElec    .         Reflect  .   (cloak currently unavailable)
rCorr    .         Harm     .   (gloves currently unavailable)
MR       .....     NoTele   +   (boots currently unavailable)
Stlth    +.........             o - amulet of regeneration
HPRegen  0.64/turn              v - ring of flight
MPRegen  0.12/turn              G - +5 ring of evasion

@: tree-form, very slightly contaminated, invisible
A: unchanging attributes, blurry vision 2, strong nose
a: Renounce Religion


You were on level 5 of the Dungeon.
You worshipped Qazlal.
Qazlal was noncommittal.
You were very hungry.
You were a tree.
You visited 2 branches of the dungeon, and saw 6 of its levels.

You collected 139 gold pieces.

Inventory:

Hand Weapons
 a - a +0 mace
 m - a +0 dagger
 q - a -2 whip
 r - a +0 spear
 w - a +0 whip
Missiles
 y - 7 needles of sleeping
 K - 5 curare-tipped needles
Armour
 b - a +0 leather armour (melded)
 x - a +0 scale mail
 F - a +0 pair of boots (melded)
 L - a +0 scale mail
Jewellery
 j - an uncursed ring of ice
 o - an amulet of regeneration (around neck)
 t - an uncursed ring of ice
 v - a ring of flight (left branch)
 B - an uncursed amulet of harm {unknown}
 G - a +5 ring of evasion (right branch)
Scrolls
 e - a scroll of enchant armour {unknown}
 g - 3 scrolls of teleportation
 h - a scroll of noise {unknown}
 k - 4 scrolls of identify
 l - a scroll of fear {unknown}
 C - a scroll of remove curse
 D - a scroll of magic mapping {unknown}
 H - a scroll of immolation {unknown}
 I - a scroll of fog {unknown}
Potions
 f - 2 potions of brilliance
 E - a potion of mutation
Books
 c - a book of Battle

   Spells                             Type                      Level
   a - Infusion                       Charms                       1
   b - Shroud of Golubria             Charms/Translocation         2
   c - Song of Slaying                Charms                       2
   d - Spectral Weapon                Hexes/Charms                 3
   e - Regeneration                   Charms/Necromancy            3
Comestibles
 d - 2 bread rations
 i - 4 royal jellies
 n - 3 fruits
 u - 2 meat rations


   Skills:
 + Level 5.9 Fighting
 + Level 5.4 Maces & Flails
 + Level 6.5 Armour
 - Level 2.6 Dodging
 - Level 3.0 Spellcasting
 - Level 4.0 Charms


You had 11 spell levels left.
You knew the following spells:

 Your Spells              Type           Power        Failure   Level  Hunger
a - Infusion              Chrm           #...         7%          1    ##.....


Dungeon Overview and Level Annotations

Branches:
Dungeon (5/15)             Temple (1/1) D:4

Altars:
Dithmenos
Fedhas
Hepliaklqana
Kikubaaqudgha
Makhleb
Nemelex Xobeh
Okawaru
Qazlal
Sif Muna
Uskayaw
Vehumet
Wu Jian
Xom
Zin

Annotations:
D:5 Dowan, Duvessa, Prince Ribbit


Innate Abilities, Weirdness & Mutations

Your physical attributes are unchanging.
((You have very sharp teeth.))
Your uncanny sense of smell can sniff out nearby items.
Scrolls take you longer to read.
((Your system is resistant to poisons. (rPois)))


Message History

You turn into a tree.
Your +0 pair of boots melds into your body.
Your +0 leather armour melds into your body.
Your roots penetrate the ground.
Prince Ribbit hits you but does no damage. x2
Wield which item (- for none, * to show all)? (? for menu, Esc to quit)
You are now empty-handed.
Really attack barehanded? [Y]es or [N]o only, please.
Really attack barehanded?
You closely miss Prince Ribbit. Prince Ribbit hits you.
* * * LOW HITPOINT WARNING * * *
You hit Prince Ribbit.
Prince Ribbit is lightly wounded.
Prince Ribbit hits you but does no damage. x2
You strike the helpless Prince Ribbit from behind!
You hit Prince Ribbit.
Prince Ribbit is lightly wounded.
Prince Ribbit hits you!
You die...

# # ## # #.#
#.. #.# #.# #
#.# #. .#.#
#. ######.###
####.#
#♣F......#
#.>...
######.#.#
#.....
#.#.####.....
#.#..........
#h#..........
#..h.........
####....††)..
#...†.#...
#######h..


You could see Prince Ribbit.

Vanquished Creatures
  An ogre (D:4)
  The ghost of nono the Covered, an amateur GnSk of Qazlal (D:3)
  A centaur (D:5)
  An orc wizard (D:3)
  2 hounds
  Terence (D:3)
  A worker ant (D:4)
  6 adders
  2 oozes
  2 adder skeletons (D:4)
  A worm (D:2)
  A dart slug (D:2)
  A leopard gecko (D:3)
  3 orcs (D:3)
  A giant cockroach (D:1)
  8 hobgoblins
  14 jackals
  9 kobolds
  A ball python (D:2)
  2 bats (D:1)
  5 frilled lizards
  5 goblins
  2 rats
  A withered plant (D:3)
72 creatures vanquished.

Notes
Turn   | Place    | Note
-------+----------+-------------------------------------------
     0 | D:1      | nono the Gnoll Skald began the quest for the Orb.
     0 | D:1      | Reached XP level 1. HP: 17/17 MP: 4/4
    28 | D:1      | Reached skill level 2 in Armour
   143 | D:1      | Reached XP level 2. HP: 23/23 MP: 3/6
   271 | D:1      | Reached skill level 3 in Armour
   656 | D:1      | Reached XP level 3. HP: 29/29 MP: 5/7
  1479 | D:3      | Reached skill level 4 in Armour
  1479 | D:3      | Reached XP level 4. HP: 35/37 MP: 8/8
  1708 | D:3      | Noticed nono's ghost (amateur GnSk)
  1746 | D:3      | Killed nono's ghost
  1746 | D:3      | Reached skill level 5 in Armour
  1746 | D:3      | Reached XP level 5. HP: 43/43 MP: 9/9
  1820 | D:3      | Noticed Terence
  1861 | D:3      | Killed Terence
  1867 | D:3      | Found an ancient bone altar of Kikubaaqudgha.
  2078 | D:3      | Found a blossoming altar of Fedhas.
  2214 | D:4      | Noticed an ogre
  2235 | D:3      | Reached XP level 6. HP: 18/50 MP: 10/10
  2465 | D:4      | Reached skill level 5 in Fighting
  2580 | D:4      | Reached skill level 5 in Maces & Flails
  2651 | D:4      | Reached skill level 6 in Armour
  2717 | D:4      | Found a staircase to the Ecumenical Temple.
  2734 | Temple   | Entered the Ecumenical Temple
  2741 | Temple   | Became a worshipper of Qazlal Stormbringer
  2846 | D:5      | Entered Level 5 of the Dungeon
  2846 | D:5      | Noticed Prince Ribbit
  2846 | D:5      | Noticed Duvessa
  2846 | D:5      | Noticed Dowan
  2880 | D:5      | Reached XP level 7. HP: 34/57 MP: 7/11
  2901 | D:5      | Gained mutation: Scrolls take you a little longer to read. [potion of mutation]
  2901 | D:5      | Gained mutation: Scrolls take you longer to read. [potion of mutation]
  2901 | D:5      | Gained mutation: Your system is resistant to poisons. (rPois) [potion of mutation]
  2949 | D:5      | HP: 3/85 [Prince Ribbit (5)]
  2951 | D:5      | Slain by Prince Ribbit

Vault maps used:
D:1:      scummos_arrival_star
D:2:      first_bread
D:3:      kiku_gazebo_garden_becter, fedhas_altar_4, uniq_terence
D:4:      minmay_temple_entry_crystal_x, bh_walls_and_bars
D:5:      kennysheep_little_box, lemuel_round_altar, overflow_temple_1_default,
          serial_shops, nicolae_shop_crystal, grunt_gozag_statues,
          uniq_prince_ribbit1, uniq_duvessa
Temple:   nicolae_temple_no_exploring_needed

Skill      XL: |  1  2  3  4  5  6 |
---------------+-------------------+-----
Armour         | 2 3 4 5 6 |  6.5
Fighting       | 3 4 5 |  5.9
Maces & Flails | 3 4 5 |  5.4
Dodging        | |  2.6
Spellcasting   | |  3.0
Charms         | |  4.0

Action                   |  1- 3 |  4- 6 |  7- 9 || total
-------------------------+-------+-------+-------++-------
Melee: Mace              |   114 |   254 |    41 ||   409
       Bite              |     6 |    14 |     2 ||    22
       Unarmed           |       |    32 |     3 ||    35
 Cast: Infusion          |    19 |     1 |       ||    20
  Use: Scroll            |     4 |       |       ||     4
       Potion            |       |     1 |     5 ||     6
 Stab: Invisible         |       |       |     1 ||     1
  Eat: Chunk             |     2 |     5 |       ||     7
Armor: Leather armour    |    21 |    14 |    40 ||    75
       Scale mail        |     9 |   106 |       ||   115
       Skin              |       |    24 |     4 ||    28
Dodge: Dodged            |    50 |   236 |   155 ||   441

Table legend:
 A = Spawn XP
 B = Non-spawn XP
 C = Spawn XP percentage of total XP
 D = Spawn monster count
 E = Non-spawn monster count
 F = Spawn count percentage of total count
 G = Total turns spent on level
                    A         B        C        D         E        F      G
               +---------+---------+-------+---------+---------+-------+---------
         Total |       0 |     742 |   0.0 |       0 |      71 |   0.0 |  2951
               +---------+---------+-------+---------+---------+-------+---------
           D:1 |       0 |      35 |   0.0 |       0 |      21 |   0.0 |   845
           D:2 |       0 |      37 |   0.0 |       0 |      12 |   0.0 |   626
           D:3 |       0 |     290 |   0.0 |       0 |      26 |   0.0 |   955
           D:4 |       0 |     222 |   0.0 |       0 |       6 |   0.0 |   412
           D:5 |       0 |     158 |   0.0 |       0 |       6 |   0.0 |    98
               +---------+---------+-------+---------+---------+-------+---------
